 Dungeon Sprint DCSS version 0.28-a0-79-g444c7a33f5 (webtiles) character file.

Game seed: 9048898362392941924

660213 Zeldest the Middleweight Champion (level 23, -10/153 HPs)
             Began as a Vine Stalker Transmuter on Aug 2, 2021.
             Was an Elder of Cheibriados.
             Killed from afar by a hellion (19 damage)
             ... with damnation
             ... summoned by Asmodeus
             ... in the Dungeon (Sprint IX: "|||||||||||||||||||||||||||||").
             The game lasted 00:32:53 (4617 turns).

Zeldest the Middleweight Champion (VSTm)            Turns: 4617, Time: 00:32:53

Health: -10/153    AC: 47    Str: 31    XL:     23   Next: 28%
Magic:  0/51       EV: 28    Int: 23    God:    Cheibriados [****..]
Gold:   1480       SH: 16    Dex: 27    Spells: 67/69 levels left

rFire   + . .      SeeInvis .     - Unarmed
rCold   + . .      Faith    .   g - +3 buckler of Gravitas {rN++ Stlth+}
rNeg    + + .      Spirit   +   K - +6 gold dragon scales
rPois   +          Reflect  .   F - +1 helmet
rElec   +          Harm     .   J - +2 cloak
rCorr   .          Rampage  .   I - +2 pair of gloves
Will    ++...      NoTele   +   u - +1 pair of boots
Stlth   ++........              C - amulet of regeneration
HPRegen 2.35/turn               f - ring of Xuymp {rElec Slay+3}
MPRegen 0.32/turn               s - ring of protection from fire

@: fire vulnerable, very slow
A: fangs 3, regeneration 1, magic shield, antimagic bite, no potion heal 2
}: 12/17 runes: decaying, serpentine, barnacled, slimy, elven, silver, golden,
iron, abyssal, glowing, dark, gossamer
a: Renounce Religion, Bend Time, Temporal Distortion, Slouch


You were in the Dungeon.
You worshipped Cheibriados.
Cheibriados was greatly pleased with you.
You visited 1 branch You collected 1945 gold pieces.
You spent 465 gold pieces at shops.

Inventory:

Armour
 a - a +0 robe
 c - +0 acid dragon scales
 d - +3 fire dragon scales {Xtahua}
 g - the +3 buckler of Gravitas (worn) {rN++ Stlth+}
   (You bought it in a shop in the Dungeon)

   rN:        It greatly protects you from negative energy.
   Stlth:     It makes you more stealthy.
 h - a +0 cloak
 i - a +0 helmet
 j - a +1 chain mail
 q - a +0 pair of gloves
 u - a +1 pair of boots (worn)
 v - a +1 cloak
 w - +1 fire dragon scales
 x - +0 swamp dragon scales
 E - +3 fire dragon scales
 F - a +1 helmet (worn)
 I - a +2 pair of gloves (worn)
 J - a +2 cloak (worn)
 K - +6 gold dragon scales (worn)
 L - a +5 tower shield
Jewellery
 f - the ring of Xuymp (left hand) {rElec Slay+3}
   (You found it in the Dungeon)

   [ring of slaying]

   Slay:      It affects your accuracy & damage with ranged weapons and melee
   (+3).
   rElec:     It insulates you from electricity.
 k - a +3 ring of intelligence
 l - a +2 ring of evasion
 r - a ring of fire
 s - a ring of protection from fire (right hand)
 t - a ring of poison resistance
 B - a +2 ring of slaying
 C - an amulet of regeneration (around neck)
 D - a ring of protection from cold
 H - the ring of Kampaukh {rPois rF+ Int+4}
   (You found it in the Dungeon)

   [ring of poison resistance]

   Int:       It affects your intelligence (+4).
   rF:        It protects you from fire.
   rPois:     It protects you from poison.
Scrolls
 e - a scroll of amnesia
 n - 3 scrolls of identify
 o - a scroll of fog
 y - 3 scrolls of fear
Potions
 b - 6 potions of curing
 m - 3 potions of might
 z - 2 potions of brilliance
 A - a potion of cancellation {unknown}
 O - 5 potions of magic
Miscellaneous
 p - the horn of Geryon


   Skills:
 O Level 27 Fighting
 + Level 26.7 Armour
 + Level 26.8 Dodging
 + Level 18.9 Stealth
 O Level 27 Shields
 O Level 27 Unarmed Combat
 + Level 23.7 Spellcasting
 O Level 27 Transmutations
 O Level 27 Invocations
 + Level 14.0 Evocations


You had 67 spell levels left.
You knew the following spells:

 Your Spells              Type           Power      Damage    Failure   Level
a - Wereblood             Tmut           100%       N/A       0%          2

Your spell library contained the following spells:

 Spells                   Type           Power      Damage    Failure   Level
 Beastly Appendage        Tmut           100%       N/A       0%          1
 Spider Form              Tmut/Pois      36%        N/A       1%          3
 Ice Form                 Ice/Tmut       73%        N/A       1%          4
 Ensorcelled Hibernation  Hex/Ice        54%        N/A       11%         2
 Slow                     Hex            27%        N/A       11%         2
 Confusing Touch          Hex            27%        N/A       22%         3
 Inner Flame              Hex/Fire       27%        N/A       22%         3
 Tukima's Dance           Hex            27%        N/A       22%         3
 Vampiric Draining        Necr           13%        2d7       22%         3
 Fulminant Prism          Conj/Hex       13%        3d9       56%         4
 Leda's Liquefaction      Hex/Erth       13%        N/A       56%         4


Dungeon Overview and Level Annotations

Branches:
Dungeon (1/1)

Altars:
Cheibriados
Dithmenos
Elyvilon
Fedhas
Gozag
Hepliaklqana
Kikubaaqudgha
Makhleb
Nemelex Xobeh
Okawaru
Qazlal
Ru
Sif Muna
Trog
Uskayaw
Vehumet
Wu Jian
Xom
Yredelemnul
Zin
The Shining One
Beogh
Jiyva
Lugonu

Shops:
D ([*[

Annotations:
D Asmodeus, Boris, Cerebov, Ereshkigal, Lom Lobon


Innate Abilities, Weirdness & Mutations

You have razor-sharp teeth.
Your natural rate of healing is unusually fast.
When hurt, damage is shared between your health and your magic reserves.
Your bite disrupts and absorbs the magic of your enemies.
Potions cannot restore your health.


Message History

Asmodeus is severely wounded.
You are engulfed in blazing flames.
You resist. Asmodeus hits you but does no damage.
You hit Asmodeus but do no damage. Your bite misses Asmodeus.
Asmodeus is severely wounded.
You are engulfed in blazing flames.
You resist.
* * * LOW HITPOINT WARNING * * *
Cerebov misses you.
You pummel Asmodeus like a punching bag!!!
You bite Asmodeus, but do no damage.
Asmodeus is severely wounded.
You block Cerebov's attack. Asmodeus hits you but does no damage.
Okay, then.
You hit Asmodeus but do no damage. You bite Asmodeus.
Asmodeus's magic leaks into the air.
You drain his magic.
You feel invigorated.
Asmodeus is severely wounded.
You are engulfed in blazing flames.
You resist.
* * * LOW HITPOINT WARNING * * *
The hellion gestures at you.
The sphere of damnation explodes!
The damnation engulfs you!!!
* * * LOW HITPOINT WARNING * * *
The damnation engulfs Asmodeus.
Asmodeus completely resists.
The damnation engulfs Cerebov.
Cerebov completely resists.
Cerebov shouts, "I shall devour thy viscera!"
Cerebov hits you with the +6 sword of Cerebov {flame}!!
* * * LOW HITPOINT WARNING * * *
Cerebov burns you.
The sword of Cerebov burns away your fire resistance.
Blink to where?
Press: ? - help, Dir - move target
As you read the scroll of blinking, it crumbles to dust.
You feel a little less mighty now.
Asmodeus falters for a moment.
Found a fiery rune of Zot and an obsidian rune of Zot.
You pick up the dark rune and feel its power.
You now have 12 runes.
Press } to see all the runes you have collected.
The hellion gestures at you.
The sphere of damnation explodes!
The damnation engulfs you!!
You die...

▓.....'...................'
▓.▓▓▓▓▓▓▓▓▓▓▓▓▓▓▓▓▓▓▓▓▓▓▓▓▓
▓..........................
▓▓▓▓▓▓▓▓▓▓▓▓▓▓▓▓▓▓▓▓▓▓▓▓▓▓▓
▓......'...........'.......
▓.▓▓▓▓▓▓▓▓▓▓▓▓▓▓▓▓▓▓▓▓▓▓▓▓▓
▓..........................
▓▓▓▓▓▓▓▓▓▓▓▓▓▓▓▓▓▓▓▓▓▓▓▓▓▓▓
.φ..φ..@.2φ2&&.....)'.'.
▓▓▓▓▓▓▓▓▓▓▓▓▓▓▓▓▓▓▓▓▓▓▓▓


You could see Cerebov (fast), Asmodeus (clouds), a balrug (summoned) and a
hellion (summoned).

Vanquished Creatures
  the Royal Jelly (D)
  Mnoleg (D)
  Dispater (D)
  8 ancient liches (D)
  3 orbs of fire (D)
  Mara (D)
  Mennas (D)
  9 royal mummies (D)
  Sojobo (D)
  2 Killer Klowns (D)
  Margery (D)
  Frederick (D)
  A curse toe (D)
  Xtahua (D)
  Geryon (D)
  Nikola (D)
  3 golden dragons (D)
  A bone dragon (D)
  An electric golem (D)
  3 tentacled monstrosities (D)
  3 liches (D)
  26 Orb Guardians (D)
  3 deep elf blademasters (D)
  2 tentacled starspawn (D)
  3 quicksilver dragons (D)
  2 deep elf master archers (D)
  9 acid blobs (D)
  Frances (D)
  Agnes (D)
  4 tengu reavers (D)
  5 storm dragons (D)
  A death cob (D)
  13 sphinxes (D)
  Kirke (D)
  Donald (D)
  9 shadow dragons (D)
  7 nagarajas (D)
  A draconian monk (D)
  3 azure jellies (D)
  Ilsuiw (D)
  6 rockslimes (D)
  2 draconian knights (D)
  2 deep elf sorcerers (D)
  2 fire giants (D)
  A ghost moth (shapeshifter) (D)
  2 ghost moths (D)
  An orc warlord (D)
  A draconian scorcher (D)
  A draconian annihilator (D)
  3 emperor scorpions (D)
  A draconian shifter (D)
  An ironbound preserver (D)
  An iron dragon (D)
  A draconian stormcaller (D)
  A very ugly thing (D)
  5 stone giants (D)
  3 quicksilver oozes (D)
  7 vampire knights (D)
  2 green draconians (D)
  2 deep elf demonologists (D)
  3 black draconians (D)
  3 yellow draconians (D)
  2 deep elf annihilators (D)
  3 purple draconians (D)
  3 red draconians (D)
  A white draconian (D)
  2 eleionomae (D)
  3 ettins (D)
  Snorg (D)
  A merfolk javelineer (D)
  5 deep elf death magi (D)
  4 mummy priests (D)
  4 merfolk impalers (D)
  4 yaktaur captains (D)
  A shambling mangrove (D)
  2 deep elf high priests (D)
  7 fire dragons (D)
  A rakshasa (D)
  2 naga warriors (D)
  4 great orbs of eyes (D)
  An ironbound thunderhulk (D)
  Erolcha (D)
  25 vault guards (D)
  2 ogre magi (D)
  A death knight (D)
  5 ice dragons (D)
  A ghost crab (D)
  10 hydras (D)
  3 merfolk aquamancers (D)
  3 ironbound frosthearts (D)
  A spriggan air mage (D)
  A satyr (D)
  4 merfolk avatars (D)
  2 tengu warriors (D)
  3 centaur warriors (D)
  4 deep troll earth magi (D)
  A naga sharpshooter (D)
  A shock serpent (D)
  A spriggan berserker (D)
  Sonja (D)
  7 hell knights (D)
  A shadow wraith (D)
  A goliath frog (D)
  2 sea snakes (D)
  A spriggan druid (D)
  2 flayed ghosts (D)
  4 swamp dragons (D)
  4 ironbound convokers (D)
  A harpy (D)
  A bog body (D)
  An orc knight (D)
  6 orc sorcerers (D)
  A phantasmal warrior (D)
  An orb spider (D)
  A deep elf pyromancer (D)
  3 wolf spiders (D)
  6 moths of wrath (D)
  A manticore (D)
  An ugly thing (D)
  A cyclops (D)
  A manticore (shapeshifter) (D)
  A worldbinder (D)
  2 vault sentinels (D)
  3 black mambas (D)
  3 guardian serpents (D)
  An elephant (D)
  A naga mage (D)
  A torpor snail (D)
  A smoke demon (D)
  2 cane toads (D)
  A komodo dragon (D)
  Psyche (D)
  3 demonic crawlers (D)
  A kobold demonologist (D)
  A wandering mushroom (D)
  2 freezing wraiths (D)
  15 guardian mummies (D)
  2 merfolk (D)
  4 tyrant leeches (D)
  A hornet (D)
  A troll (D)
  2 slime creatures (D)
  3 jumping spiders (D)
  A raiju (D)
  A snapping turtle (D)
  2 blink frogs (D)
  A large abomination (D)
  5 yaks (D)
  4 redbacks (D)
  2 wyverns (D)
  12 spriggans (D)
  A water elemental (D)
  A fire bat (D)
  2 golden eyes (D)
  2 basilisks (D)
  2 hogs (D)
  A hog (shapeshifter) (D)
  Grum (D)
  A vampire mosquito (D)
  2 nagas (D)
  3 acid dragons (D)
  3 water moccasins (D)
  11 orc warriors (D)
  3 wolves (D)
  2 small abominations (D)
  5 bullfrogs (D)
  3 scorpions (D)
  A howler monkey (D)
  2 orc priests (D)
  A hound (D)
  10 orc wizards (D)
  An ufetubus (D)
  An adder zombie (D)
  A dart slug (D)
  9 orcs (D)
  A bat zombie (D)
  An endoplasm (D)
  2 hobgoblins (D)
  A quokka (D)
  A ball python (D)
512 creatures vanquished.

Vanquished Creatures (others)
  A black mamba (D)
  4 humans (D)
5 creatures vanquished.

Grand Total: 517 creatures vanquished

Notes
Turn   | Place    | Note
-------+----------+-------------------------------------------
     0 | D        | Zeldest the Vine Stalker Transmuter began the quest for the
                  | Orb.
     0 | D        | Reached XP level 1. HP: 9/9 MP: 4/4
    27 | D        | Noticed a scorpion
    27 | D        | Noticed a scorpion
    27 | D        | Noticed a hound
    27 | D        | Noticed a scorpion
    30 | D        | Reached skill level 5 in Unarmed Combat
    30 | D        | Reached XP level 2. HP: 2/14 MP: 1/6
    32 | D        | Killed a scorpion
    33 | D        | Reached XP level 3. HP: 3/17 MP: 3/7
    33 | D        | Gained mutation: Your natural rate of healing is unusually
                  | fast. [Vine Stalker growth]
    33 | D        | Reached XP level 4. HP: 4/21 MP: 3/8
    37 | D        | Killed a scorpion
    38 | D        | Reached skill level 10 in Unarmed Combat
    38 | D        | Reached XP level 5. HP: 7/25 MP: 5/9
    43 | D        | Found a snail-covered altar of Cheibriados.
    43 | D        | Found a shadowy altar of Dithmenos.
    43 | D        | Found a white marble altar of Elyvilon.
    43 | D        | Found a blossoming altar of Fedhas.
    43 | D        | Found an opulent altar of Gozag.
    44 | D        | Found a hazy altar of Hepliaklqana.
    45 | D        | Found a viscous altar of Jiyva.
    46 | D        | Found an ancient bone altar of Kikubaaqudgha.
    47 | D        | Became a worshipper of Cheibriados the Contemplative
    48 | D        | Found a corrupted altar of Lugonu.
    49 | D        | Found a burning altar of Makhleb.
    50 | D        | Found a sparkling altar of Nemelex Xobeh.
    51 | D        | Found an iron altar of Okawaru.
    52 | D        | Found a stormy altar of Qazlal.
    53 | D        | Found a sacrificial altar of Ru.
    54 | D        | Found a shimmering blue altar of Sif Muna.
    55 | D        | Found a bloodstained altar of Trog.
    56 | D        | Found a hide-covered altar of Uskayaw.
    57 | D        | Found a radiant altar of Vehumet.
    58 | D        | Found an ornate altar of the Wu Jian Council.
    59 | D        | Found a shimmering altar of Xom.
    60 | D        | Found a basalt altar of Yredelemnul.
    61 | D        | Found a glowing silver altar of Zin.
    62 | D        | Found a glowing golden altar of the Shining One.
   109 | D        | Noticed a kobold demonologist
   109 | D        | Noticed a yak
   109 | D        | Noticed a vampire mosquito
   118 | D        | Killed a vampire mosquito
   119 | D        | Reached skill level 1 in Armour
   119 | D        | Reached XP level 6. HP: 21/31 MP: 7/10
   130 | D        | Killed a yak
   130 | D        | Reached * piety under Cheibriados
   131 | D        | Reached XP level 7. HP: 18/36 MP: 11/11
   136 | D        | Killed a kobold demonologist
   137 | D        | Reached skill level 5 in Transmutations
   142 | D        | Reached ** piety under Cheibriados
   156 | D        | Learned a level 2 spell: Wereblood
   160 | D        | Noticed a troll
   160 | D        | Noticed a basilisk
   160 | D        | Noticed a centaur warrior
   160 | D        | Noticed a deep elf pyromancer
   160 | D        | Noticed a centaur warrior
   165 | D        | Killed a centaur warrior
   165 | D        | Reached *** piety under Cheibriados
   166 | D        | Reached skill level 5 in Fighting
   166 | D        | Reached skill level 5 in Dodging
   166 | D        | Reached skill level 5 in Invocations
   166 | D        | Gained mutation: You have razor-sharp teeth. [Vine Stalker
                  | growth]
   166 | D        | Reached XP level 8. HP: 39/44 MP: 5/13
   166 | D        | Reached **** piety under Cheibriados
   170 | D        | Killed a deep elf pyromancer
   171 | D        | Reached skill level 5 in Armour
   171 | D        | Reached XP level 9. HP: 36/48 MP: 4/15
   173 | D        | Killed a centaur warrior
   175 | D        | Reached ***** piety under Cheibriados
   176 | D        | Killed a troll
   239 | D        | Noticed Erolcha
   245 | D        | Killed Erolcha
   246 | D        | Reached XP level 10. HP: 55/55 MP: 15/17
   264 | D        | Noticed Grum
   270 | D        | Killed Grum
   320 | D        | Noticed a seven-headed hydra
   322 | D        | Noticed a black mamba
   322 | D        | Reached ****** piety under Cheibriados
   325 | D        | Noticed a cane toad
   328 | D        | Killed a seven-headed hydra
   332 | D        | Killed a black mamba
   339 | D        | Killed a cane toad
   348 | D        | Noticed a black mamba
   348 | D        | Noticed a cane toad
   349 | D        | Killed a cane toad
   351 | D        | Noticed an elephant
   352 | D        | Killed a black mamba
   353 | D        | Reached skill level 10 in Transmutations
   353 | D        | Reached XP level 11. HP: 58/62 MP: 14/19
   361 | D        | Reached skill level 10 in Invocations
   365 | D        | Reached skill level 15 in Unarmed Combat
   427 | D        | Noticed Psyche
   433 | D        | Killed Psyche
   620 | D        | Found Bol Zaxi's Antique Armour Boutique.
   620 | D        | Noticed an orc sorcerer
   620 | D        | Noticed an orc sorcerer
   620 | D        | Noticed an orc sorcerer
   623 | D        | Killed an orc sorcerer
   624 | D        | Reached skill level 10 in Fighting
   624 | D        | Noticed a soul eater
   634 | D        | Noticed an orc sorcerer
   640 | D        | Killed an orc sorcerer
   642 | D        | Killed an orc sorcerer
   643 | D        | Found Otheng's Assorted Antiques.
   643 | D        | Noticed an orc sorcerer
   649 | D        | Killed an orc sorcerer
   651 | D        | Noticed a sixfirhy
   655 | D        | Killed an orc sorcerer
   662 | D        | Found Fimy's Antique Armour Boutique.
   674 | D        | Found Xagaum's Antique Weapon Shop.
   679 | D        | Noticed an orc sorcerer
   687 | D        | Killed an orc sorcerer
   729 | D        | Bought a spiked chain mail for 218 gold pieces
   729 | D        | Identified the +1 chain mail "Azxowimosch" {Harm Rampage
                  | rC+ Str+7} (You bought it in a shop in the Dungeon)
   732 | D        | Bought a distressingly furry buckler for 247 gold pieces
   732 | D        | Identified the +3 buckler of Gravitas {rN++ Stlth+} (You
                  | bought it in a shop in the Dungeon)
   763 | D        | Noticed Sonja
   769 | D        | Killed Sonja
   770 | D        | Reached skill level 1 in Shields
   770 | D        | Reached XP level 12. HP: 61/68 MP: 14/21
   912 | D        | Noticed an ogre mage
   912 | D        | Noticed a death knight
   912 | D        | Noticed a six-headed hydra
   912 | D        | Noticed a tengu warrior
   915 | D        | Killed a tengu warrior
   917 | D        | Killed a six-headed hydra
   918 | D        | Reached skill level 10 in Dodging
   923 | D        | Noticed a five-headed hydra
   927 | D        | Noticed a centaur warrior
   930 | D        | Killed a death knight
   931 | D        | Reached skill level 10 in Armour
   933 | D        | Killed an ogre mage
   935 | D        | Killed a five-headed hydra
   936 | D        | Noticed a fire dragon
   937 | D        | Noticed a lich
   939 | D        | Killed a centaur warrior
   942 | D        | Noticed an ettin
   942 | D        | Noticed an ice dragon
   943 | D        | Killed a lich
   944 | D        | Noticed a stone giant
   947 | D        | Killed a fire dragon
   947 | D        | Noticed a rakshasa
   948 | D        | Reached skill level 5 in Shields
   951 | D        | Killed an ettin
   955 | D        | Killed an ice dragon
   958 | D        | Killed a stone giant
   959 | D        | Reached XP level 13. HP: 51/74 MP: 23/23
   965 | D        | Killed a rakshasa
  1018 | D        | Noticed Kirke
  1031 | D        | Killed Kirke
  1042 | D        | Noticed Donald
  1056 | D        | Killed Donald
  1106 | D        | Noticed a naga warrior
  1113 | D        | Noticed a nagaraja
  1133 | D        | Killed a nagaraja
  1139 | D        | Killed a naga warrior
  1262 | D        | Noticed an eleionoma
  1262 | D        | Noticed an eleionoma
  1262 | D        | Noticed a shambling mangrove
  1269 | D        | Killed a shambling mangrove
  1270 | D        | Reached XP level 14. HP: 54/82 MP: 16/25
  1342 | D        | Noticed an emperor scorpion
  1360 | D        | Killed an emperor scorpion
  1380 | D        | Noticed Snorg
  1390 | D        | Killed Snorg
  1433 | D        | Noticed a stone giant
  1433 | D        | Noticed a stone giant
  1433 | D        | Noticed a fire giant
  1435 | D        | Noticed a red very ugly thing
  1441 | D        | Killed a fire giant
  1446 | D        | Killed a stone giant
  1456 | D        | Killed a stone giant
  1457 | D        | Reached skill level 15 in Transmutations
  1461 | D        | Killed a red very ugly thing
  1471 | D        | Reached skill level 10 in Shields
  1471 | D        | Reached skill level 15 in Invocations
  1505 | D        | Noticed a fire giant
  1524 | D        | Noticed a stone giant
  1534 | D        | Killed a stone giant
  1580 | D        | Killed a fire giant
  1650 | D        | Reached XP level 15. HP: 60/88 MP: 15/27
  1664 | D        | Noticed a sphinx
  1673 | D        | Killed a sphinx
  1673 | D        | Noticed an orc warlord
  1690 | D        | Killed an orc warlord
  1705 | D        | Reached skill level 15 in Fighting
  1757 | D        | Noticed Frederick
  1767 | D        | Killed Frederick
  1939 | D        | Noticed Frances
  1951 | D        | Killed Frances
  1954 | D        | Noticed Boris
  1970 | D        | Noticed a tengu reaver
  1971 | D        | Noticed a tengu reaver
  1973 | D        | Noticed Sojobo
  1980 | D        | Killed a tengu reaver
  1988 | D        | Killed a tengu reaver
  1996 | D        | Killed Sojobo
  2049 | D        | Noticed a nagaraja
  2049 | D        | Noticed a nagaraja
  2050 | D        | Noticed a nagaraja
  2052 | D        | Noticed a nagaraja
  2055 | D        | Killed a nagaraja
  2056 | D        | Noticed a nagaraja
  2059 | D        | Killed a nagaraja
  2065 | D        | Noticed a nagaraja
  2066 | D        | Killed a nagaraja
  2072 | D        | Killed a nagaraja
  2075 | D        | Killed a nagaraja
  2076 | D        | Reached skill level 15 in Dodging
  2089 | D        | Killed a nagaraja
  2090 | D        | Reached XP level 16. HP: 68/96 MP: 29/29
  2107 | D        | Reached skill level 15 in Armour
  2112 | D        | Got a serpentine rune of Zot
  2135 | D        | Noticed Ilsuiw
  2164 | D        | Killed Ilsuiw
  2186 | D        | HP: 3/97 [merfolk impaler (14)]
  2199 | D        | Got a barnacled rune of Zot
  2263 | D        | Got a gossamer rune of Zot
  2310 | D        | Got a decaying rune of Zot
  2346 | D        | Noticed Xtahua
  2357 | D        | Killed Xtahua
  2395 | D        | Noticed Mennas
  2444 | D        | Killed Mennas
  2492 | D        | Reached skill level 15 in Shields
  2525 | D        | Reached XP level 17. HP: 104/104 MP: 31/31
  2623 | D        | Noticed a quicksilver dragon
  2647 | D        | Killed a quicksilver dragon
  2739 | D        | Noticed an ancient lich
  2763 | D        | Killed an ancient lich
  2799 | D        | Got the Tome of Glacial Enchantment
  2801 | D        | Got a silver rune of Zot
  2841 | D        | Noticed Mara
  2844 | D        | Noticed Zeldest's illusion
  2867 | D        | Killed Mara
  2868 | D        | Reached XP level 18. HP: 104/112 MP: 33/33
  2933 | D        | Got the ring of Xuymp {rElec Slay+3}
  2936 | D        | Got the ring of Kampaukh {rPois rF+ Int+4}
  3047 | D        | Noticed Nikola
  3061 | D        | Killed Nikola
  3074 | D        | Noticed Margery
  3092 | D        | Killed Margery
  3143 | D        | Noticed Agnes
  3151 | D        | Killed Agnes
  3220 | D        | Noticed a bone dragon
  3224 | D        | Noticed a golden dragon
  3237 | D        | Killed a bone dragon
  3248 | D        | Killed a golden dragon
  3395 | D        | Noticed a quicksilver dragon
  3400 | D        | Reached XP level 19. HP: 119/120 MP: 35/35
  3439 | D        | Noticed a tentacled monstrosity
  3446 | D        | Killed a tentacled monstrosity
  3593 | D        | Reached skill level 5 in Spellcasting
  3617 | D        | Noticed a tentacled monstrosity
  3617 | D        | Noticed a curse toe
  3617 | D        | Noticed a golden dragon
  3622 | D        | Killed a golden dragon
  3626 | D        | Killed a tentacled monstrosity
  3638 | D        | Killed a curse toe
  3652 | D        | Noticed an ancient lich
  3661 | D        | Killed an ancient lich
  3665 | D        | Noticed an orb of fire
  3672 | D        | Killed an orb of fire
  3673 | D        | Reached skill level 10 in Spellcasting
  3673 | D        | Reached XP level 20. HP: 128/128 MP: 37/37
  3675 | D        | Noticed an electric golem
  3683 | D        | Killed an electric golem
  3686 | D        | Noticed an orb of fire
  3686 | D        | Noticed a golden dragon
  3686 | D        | Noticed a Killer Klown
  3686 | D        | Noticed an ancient lich
  3687 | D        | Noticed an orb of fire
  3690 | D        | Killed an ancient lich
  3697 | D        | Killed an orb of fire
  3699 | D        | Killed an orb of fire
  3700 | D        | Noticed an ancient lich
  3701 | D        | Killed a golden dragon
  3704 | D        | Killed a Killer Klown
  3706 | D        | Noticed a Killer Klown
  3706 | D        | Noticed an ancient lich
  3709 | D        | Killed an ancient lich
  3709 | D        | Noticed an ancient lich
  3713 | D        | Killed a Killer Klown
  3718 | D        | Killed an ancient lich
  3719 | D        | Reached skill level 27 in Unarmed Combat
  3721 | D        | Killed an ancient lich
  3759 | D        | Reached XP level 21. HP: 136/136 MP: 40/40
  3770 | D        | Reached skill level 15 in Spellcasting
  3873 | D        | Noticed an ancient lich
  3873 | D        | Noticed an ancient lich
  3877 | D        | Killed an ancient lich
  3892 | D        | Killed an ancient lich
  3904 | D        | Reached skill level 27 in Transmutations
  3953 | D        | Reached skill level 27 in Invocations
  4001 | D        | Got an elven rune of Zot
  4051 | D        | Noticed the Royal Jelly
  4059 | D        | Killed the Royal Jelly
  4060 | D        | Reached XP level 22. HP: 137/147 MP: 35/46
  4087 | D        | Got a slimy rune of Zot
  4182 | D        | Reached skill level 1 in Evocations
  4193 | D        | Reached skill level 5 in Stealth
  4207 | D        | Reached skill level 5 in Evocations
  4211 | D        | Reached skill level 27 in Fighting
  4247 | D        | Noticed a royal mummy
  4260 | D        | Killed a royal mummy
  4261 | D        | Reached skill level 10 in Stealth
  4304 | D        | Noticed a royal mummy
  4304 | D        | Noticed a royal mummy
  4304 | D        | Noticed a royal mummy
  4304 | D        | Noticed a royal mummy
  4304 | D        | Noticed a royal mummy
  4304 | D        | Noticed a royal mummy
  4308 | D        | Killed a royal mummy
  4313 | D        | Killed a royal mummy
  4317 | D        | Noticed a royal mummy
  4323 | D        | Killed a royal mummy
  4332 | D        | Killed a royal mummy
  4333 | D        | Reached skill level 10 in Evocations
  4339 | D        | Killed a royal mummy
  4340 | D        | Noticed a royal mummy
  4347 | D        | Killed a royal mummy
  4348 | D        | Reached skill level 15 in Stealth
  4355 | D        | Killed a royal mummy
  4360 | D        | Killed a royal mummy
  4361 | D        | Reached skill level 27 in Shields
  4361 | D        | Reached XP level 23. HP: 109/153 MP: 48/50
  4377 | D        | Got a golden rune of Zot
  4415 | D        | Got an abyssal rune of Zot
  4539 | D        | Noticed Geryon
  4553 | D        | Killed Geryon
  4556 | D        | Noticed Mnoleg
  4556 | D        | Found the +4 staff of Dispater
  4556 | D        | Noticed Dispater
  4559 | D        | Noticed Ereshkigal
  4566 | D        | Noticed Lom Lobon
  4576 | D        | Killed Mnoleg
  4580 | D        | Killed Dispater
  4588 | D        | Got an iron rune of Zot
  4594 | D        | Got a glowing rune of Zot
  4595 | D        | Found the +7 sceptre of Asmodeus
  4595 | D        | Noticed Asmodeus
  4599 | D        | Found the +6 sword of Cerebov {flame}
  4599 | D        | Noticed Cerebov
  4615 | D        | HP: 4/153 [Cerebov (8)]
  4617 | D        | Got a dark rune of Zot
  4617 | D        | Killed from afar by a hellion

Illustrated notes

Levels and vault maps discovered:
D:        linesprint [early_d, line_temple, items_1, d_10, items_2, lair_1,
          lair_end, items_3, orc_1, orc_end, items_4, d_15, swamp_1, shoals_1,
          snake_1, spider_1, d_20, vaults_1, items_5, swamp_end, shoals_end,
          snake_end, spider_end, vaults_end, d_27, items_6, zot_1, zot_end,
          crypt_end, forest_end, elf_end, slime_end, tomb_end, abyss_end,
          pan_hell_end]

Skill      XL: |  1  2  3  4  5  6  7  8  9 10 11 12 13 14 15 16 17 18 19 20 21 22 23 |
---------------+----------------------------------------------------------------------+-----
Unarmed Combat | 5 8 10 12 13 14 15 16 17 18 20 21 23 24 26 27 | 27.0
Fighting       | 2 3 5 6 7 9 10 11 13 14 16 17 19 21 22 24 26 27 | 27.0
Armour         | 1 2 4 5 6 8 9 10 12 13 14 16 18 19 21 22 24 26 | 26.7
Dodging        | 2 3 5 7 8 9 11 12 13 15 16 18 19 21 22 24 26 | 26.8
Transmutations | 3 4 6 7 8 10 11 12 14 15 17 19 21 22 24 25 27 | 27.0
Invocations    | 2 3 5 6 8 9 11 12 14 15 17 19 21 22 24 25 27 | 27.0
Shields        | 1 5 8 11 13 15 17 19 21 22 25 27 | 27.0
Spellcasting   | 10 14 19 22 23 | 23.7
Stealth        | 16 18 | 18.9
Evocations     | 12 14 | 14.0

Action                   |  1- 3 |  4- 6 |  7- 9 | 10-12 | 13-15 | 16-18 | 19-21 | 22-24 || total
-------------------------+-------+-------+-------+-------+-------+-------+-------+-------++-------
Melee: Unarmed           |    16 |    27 |    25 |   179 |   368 |   587 |   315 |   185 ||  1702
       Kick              |     5 |     1 |     8 |    86 |    24 |    15 |       |       ||   139
       Bite              |     3 |    11 |     9 |    77 |   227 |   353 |   184 |   108 ||   972
       Headbutt          |     1 |     3 |     4 |    59 |    14 |    15 |       |       ||    96
       Punch             |       |     1 |     5 |    16 |       |       |       |       ||    22
 Cast: Beastly Appendage |     2 |       |     4 |     8 |     2 |     2 |       |       ||    18
       Wereblood         |       |       |     3 |     8 |     9 |    16 |     7 |     5 ||    48
Invok: Slouch            |       |       |       |       |    16 |     3 |    15 |    10 ||    44
       Temporal Distorti |       |       |       |       |     1 |     2 |       |       ||     3
       Step From Time    |       |       |       |       |     4 |     1 |       |     3 ||     8
       Bend Time         |       |       |       |       |       |     1 |       |       ||     1
Evoke: Wand              |       |       |     8 |     2 |       |       |       |       ||    10
  Use: Potion            |     2 |     1 |       |       |     3 |     3 |       |     3 ||    12
       Scroll            |       |       |       |       |     3 |     5 |     1 |     3 ||    12
 Stab: Invisible         |       |     4 |     1 |       |       |       |       |       ||     5
       Sleeping          |       |       |       |       |     1 |       |       |       ||     1
Armor: Chain mail        |       |     5 |     5 |    32 |       |       |       |       ||    42
       Swamp dragon scal |       |       |       |     8 |    40 |       |       |       ||    48
       Fire dragon scale |       |       |       |       |    20 |    60 |       |       ||    80
       Gold dragon scale |       |       |       |       |       |    52 |    52 |    28 ||   132
       Skin              |       |       |       |       |       |       |       |     2 ||     2
Dodge: Dodged            |     6 |    12 |    12 |   106 |   187 |   296 |    70 |    49 ||   738
Block: Buckler           |       |       |       |    17 |   117 |   186 |       |    48 ||   368
       Tower shield      |       |       |       |       |       |   164 |   248 |    59 ||   471

Table legend: (Time is in decaauts)
 A = Elapsed time spent in this place.
 B = Non-inter-level travel time spent in this place.
 C = Inter-level travel time spent in this place.
 D = Time resting spent in this place.
 E = Time spent auto-exploring this place.
 F = Levels seen in this place.
 G = Mean time per level.
                   A        B        C        D        E       F      G
               +--------+--------+--------+--------+--------+-----+--------+
         Total |   6352 |   6352 |      0 |      0 |      0 |   1 | 6352.0 |
       Dungeon |   6352 |   6352 |      0 |      0 |      0 |   1 | 6352.0 |
               +--------+--------+--------+--------+--------+-----+--------+

Top non-repeatable levels by time:
       D: 6352 daAuts
